 Dungeon Crawl Stone Soup version 0.31-a0-1009-g454b1f1e0a (webtiles) character file.

Game seed: 6927826048946650327

700 kae the Vexing (level 7, -4/46 HPs)
             Began as a Demonspawn Enchanter on Nov 14, 2023.
             Was a Follower of Dithmenos.
             Slain by an ogre
             ... wielding a +0 giant spiked club
              (17 damage)
             ... on level 5 of the Dungeon.
             The game lasted 00:04:44 (5232 turns).

kae the Vexing (Demonspawn Enchanter)               Turns: 5232, Time: 00:04:45

Health: -4/46      AC:  6    Str: 10    XL:     7   Next: 38%
Magic:  6/11       EV: 16    Int: 17    God:    Dithmenos [*.....]
Gold:   240        SH:  4    Dex: 13    Spells: 7/12 levels left

rFire   . . .        u - +3 dagger
rCold   . . .        h - +0 buckler
rNeg    + . .        w - +2 robe {rN+}
rPois   .            s - +1 hat
rElec   .            (no cloak)
rCorr   .            o - +0 pair of gloves
SInv    .            (no boots)
Will    .....        (no amulet)
Stlth   +++          (no ring)
HPRegen 0.27/turn    (no ring)
MPRegen 0.24/turn

%: no passive effects
@: agile, confusing by touch, wreathed by umbra
A: powered by pain 2, magic regeneration, weakness stinger 2
a: Renounce Religion


You were on level 5 of the Dungeon.
You worshipped Dithmenos.
Dithmenos was aware of your devotion.
You visited 2 branches of the dungeon, and saw 6 of its levels.

You collected 283 gold pieces.
You spent 43 gold pieces at shops.


Innate Abilities, Weirdness & Mutations

You sometimes gain power by taking damage.
You regenerate magic rapidly.
You have a tail ending in a sharp stinger.


   Skills:
 * Level 3.5 Short Blades
 - Level 1.7 Dodging
 + Level 3.8 Stealth
 + Level 2.0 Shields
 + Level 3.2 Spellcasting
 * Level 4.9 Hexes
 - Level 3.0 Ice Magic


You had 7 spell levels left.
You knew the following spells:

 Your Spells              Type           Power      Damage    Failure   Level
a - Ensorcelled Hibernat  Hex/Ice        32%        N/A       8%          2
b - Confusing Touch       Hex            19%        N/A       10%         3

Your spell library contained the following spells:

 Spells                   Type           Power      Damage    Failure   Level
 Sigil of Binding         Hex            19%        N/A       10%         3
 Tukima's Dance           Hex            19%        N/A       10%         3
 Magic Dart               Conj           8%         1d3       26%         1
 Summon Small Mammal      Summ           8%         N/A       26%         1
 Dazzling Flash           Conj/Hex       22%        N/A       26%         3
 Summon Guardian Golem    Hex/Summ       11%        N/A       26%         3
 Call Imp                 Summ           4%         N/A       36%         2
 Passwall                 Tmut/Erth      1%         N/A       36%         2
 Call Canine Familiar     Summ           2%         N/A       58%         3
 Mephitic Cloud           Conj/Pois/Air  2%         N/A       58%         3
 Swiftness                Air            2%         N/A       58%         3
 Dimensional Bullseye     Hex/Tloc       5%         N/A       65%         4
 Leda's Liquefaction      Hex/Erth       5%         N/A       65%         4

Inventory:

Hand Weapons
 a - a +1 dagger
 u - a +3 dagger (weapon)
   (You took it off a goblin on level 3 of the Dungeon)
Missiles
 e - 90 stones
 j - 8 poisoned darts
Armour
 b - a +0 robe
 h - a +0 buckler (worn)
   (You found it on level 2 of the Dungeon)
 o - a +0 pair of gloves (worn)
   (You found it on level 2 of the Dungeon)
 s - a +1 hat (worn)
   (You found it on level 3 of the Dungeon)
 w - a +2 robe of positive energy (worn)
   (You found it on level 3 of the Dungeon)
Wands
 x - a wand of flame (27)
   (You found it on level 4 of the Dungeon)
Scrolls
 k - 2 scrolls of fear
 l - a scroll of blinking {!r}
 m - a scroll of identify {@r1}
 t - a scroll of immolation {unknown}
 v - a scroll of fog
 y - a scroll of poison {unknown}
Potions
 c - 3 potions of invisibility
 d - 3 potions of might
 f - 5 potions of heal wounds {unknown}
 g - 2 potions of curing {unknown}
 i - 2 potions of degeneration {!q}
 n - 2 potions of enlightenment
 p - a potion of attraction {!q}
 q - a potion of magic {unknown}
 r - a potion of mutation {unknown}
 z - a potion of lignification {unknown}

Dungeon Overview and Level Annotations

Branches:
Dungeon (5/15) Zot: 24801  Temple (1/1) D:4 Zot: 5941

Altars:
Ashenzari
Cheibriados
Dithmenos
Fedhas
Gozag
Hepliaklqana
Makhleb
Nemelex Xobeh
Okawaru
Qazlal
Ru
Sif Muna
Trog
Uskayaw
Vehumet
Wu Jian
Xom

Shops:
D:2

* #. #.# # #o# #.# #######
#o# #...... #o# #.##### .#
#o# #.# #.# #o# #.# #.# #O#
#.# #.# #@# #.# #.# #.#
#.## #######.# #.# #..#
#.......# #.# ##.#
##.####..###.# #.#
##..≈.≈.♣.♣~#.###########.#
#..###...~.~..............#
#.###~~~.......############
#..#...~.......#


You could see an ogre and 5 orcs.


Message History

Aim: an orc, wielding a +0 club and quivering boomerangs (chance to affect: 67%)
The orc struggles to resist. 😨 MP[-2]
You lost 2 mp, and now have 9/11 mp.
Casting: Ensorcelled Hibernation (safe; 8% risk of failure)
Confirm with . or Enter, or press ? or * to list all spells.
Aiming: Ensorcelled Hibernation (safe; 8% risk of failure)
Press: ? - help, Shift-Dir - straight line, f/p - orc
Aim: an orc, wielding a +0 club and quivering boomerangs (umbra, chance to affect: 67%)
The orc struggles to resist.
The orc closely misses you. 😨 MP[-2]
You lost 2 mp, and now have 7/11 mp.
Casting: Ensorcelled Hibernation (safe; 8% risk of failure)
Confirm with . or Enter, or press ? or * to list all spells.
Aiming: Ensorcelled Hibernation (safe; 8% risk of failure)
Press: ? - help, Shift-Dir - straight line, f/p - orc
Aim: an orc, wielding a +0 club and quivering boomerangs (umbra, chance to affect: 67%)
The orc looks drowsy... 😨 MP[-2]
You lost 2 mp, and now have 5/11 mp. 😨 HP[+1] MP[+1] 😨 HP[+1] MP[+1]
The orc throws a boomerang.
The boomerang hits you.
* * * LOW HITPOINT WARNING * * *
😨 HP[-5]
You take 5 damage, and now have 13/46 hp.
The orc throws a boomerang.
The boomerang hits you.
* * * LOW HITPOINT WARNING * * *
😨 HP[-1]
You take 1 damage, and now have 12/46 hp. 😨 HP[+1] 😨 MP[+1]
The orc throws a boomerang.
The boomerang barely misses you. 😨 HP[+1]
Casting: Ensorcelled Hibernation (safe; 8% risk of failure)
Confirm with . or Enter, or press ? or * to list all spells.
Aiming: Ensorcelled Hibernation (safe; 8% risk of failure)
Press: ? - help, Shift-Dir - straight line, f - ogre, p - orc
Aim: an ogre, wielding a +0 giant spiked club (chance to affect: 50%)
The orc is unaffected. 😨 MP[-1]
You lost 1 mp, and now have 7/11 mp.
The orc throws a boomerang.
You block the boomerang.
The orc throws a boomerang.
The boomerang hits you but does no damage. 😨 HP[+1]
Casting: Ensorcelled Hibernation (safe; 8% risk of failure)
Confirm with . or Enter, or press ? or * to list all spells.
Aiming: Ensorcelled Hibernation (safe; 8% risk of failure)
Press: ? - help, Shift-Dir - straight line, f/p - ogre
Aim: an ogre, wielding a +0 giant spiked club (chance to affect: 50%)
The orc looks drowsy... 😨 MP[-2]
You lost 2 mp, and now have 5/11 mp. 😨 MP[+1] 😨 HP[+1]
You start resting. 😨 HP[+3] MP[+3]
You regained 3 hp, and now have 19/46 hp.
You regained 3 mp, and now have 9/11 mp.
You start resting. 😨 HP[+2] MP[+2]
You regained 2 hp, and now have 21/46 hp.
Your mp is fully restored (11).
You start resting. 😕 HP[+18]
You regained 18 hp, and now have 39/46 hp.
You start resting. 😎 HP[+7]
Your hp is fully restored (46).
You closely miss the orc.
The orc shouts!
You tail-slap the orc.
You hear a shout!
The orc misses you.
You closely miss the orc. You tail-slap the orc. The orc misses you.
You hit the orc.
You kill the orc!
Dithmenos accepts your kill.
Casting: Ensorcelled Hibernation (safe; 8% risk of failure)
Confirm with . or Enter, or press ? or * to list all spells.
Your hands begin to glow red.
The orc shouts!
The ogre hits you with a +0 giant spiked club!!
Ouch! That really hurt!
* * * LOW HITPOINT WARNING * * *
You focus on the pain.
You feel agile all of a sudden. 😨 HP[-33] MP[-3]
You take 33 damage, and now have 13/46 hp.
MASSIVE DAMAGE!! (PAUSE)
You lost 3 mp, and now have 8/11 mp.
Casting: Confusing Touch (dangerous; 10% risk of failure)
Confirm with . or Enter, or press ? or * to list all spells.
Aiming: Ensorcelled Hibernation (safe; 8% risk of failure)
Press: ? - help, Shift-Dir - straight line, f/p - ogre
Aim: an ogre, wielding a +0 giant spiked club (chance to confuse on hit: 51%, umbra, chance to affect: 50%)
The ogre resists with some effort.
The ogre hits you with a +0 giant spiked club!
You die...

Skill      XL: |  1  2  3  4  5  6  7 |
---------------+----------------------+-----
Short Blades   | 1 2 3 |  3.5
Stealth        | 3 |  3.8
Ice Magic      | 1 2 3 |  3.0
Shields        | 1 2 |  2.0
Hexes          | 4 |  4.9
Spellcasting   | 3 |  3.2
Dodging        | |  1.7

Action                     |  1- 3 |  4- 6 |  7- 9 || total
---------------------------+-------+-------+-------++-------
  Melee: Dagger            |   119 |   186 |    29 ||   334
         Tailslap          |       |    13 |     7 ||    20
   Cast: Ensorcelled Hiber |    14 |    17 |    13 ||    44
         Confusing Touch   |       |     5 |     2 ||     7
    Use: Scroll            |     6 |     4 |       ||    10
   Stab: Sleeping          |    18 |    14 |     4 ||    36
         Fleeing           |     1 |       |       ||     1
         Confused          |       |     5 |     1 ||     6
         Distracted        |       |     1 |       ||     1
 Armour: Robe              |    63 |   106 |    30 ||   199
  Dodge: Dodged            |    54 |    82 |    29 ||   165
  Block: Buckler           |    24 |    28 |    13 ||    65

Levels and vault maps discovered:
D:1:      minmay_arrival_up_and_down, layout_rooms,
          chequers_serial_rivers_small_b, minmay_misc_feat_four_crosses,
          hangedman_glass_teeth, minmay_misc_feat_x, serial_bayou_pond_a,
          st_stairs_4
D:2:      layout_basic, basic_altar, serial_shops,
          nicolae_shop_overgrown_old_shop, corexii_hall_statues_i
D:3:      layout_loops_corners, minmay_starry_boxes
D:4:      layout_basic, nicolae_sif_muna_condensation, marbit_many_paths,
          minmay_temple_entry_waves
D:5:      layout_loops_ring, nzn_wu_jian_contemplation, serial_rivers,
          chequers_serial_rivers_marsh, chequers_serial_rivers_large_a,
          chequers_serial_rivers_micro_c, chequers_serial_rivers_large_b,
          chequers_serial_rivers_marsh
Temple:   eino_temple_rhombus

Notes
Turn   | Place    | Note
-------+----------+-------------------------------------------
     0 | D:1      | kae the Demonspawn Enchanter began the quest for the Orb.
     0 | D:1      | Reached XP level 1. HP: 13/13 MP: 3/3
     0 | D:1      | magus.rc [v1.11.3]
    43 | D:1      | Reached skill level 1 in Short Blades
   351 | D:1      | Gained mutation: You sometimes gain a little power by
                  | taking damage. [demonic ancestry]
   351 | D:1      | Reached XP level 2. HP: 19/19 MP: 5/5
   374 | D:1      | Learned a level 2 spell: Ensorcelled Hibernation
   860 | D:2      | You pick up a book of Minor Magic and begin reading...
   860 | D:2      | You add the spells Magic Dart, Call Imp and Mephitic Cloud
                  | to your library.
   946 | D:2      | Reached skill level 3 in Stealth
   946 | D:2      | Gained mutation: You sometimes gain power by taking damage.
                  | [demonic ancestry]
   946 | D:2      | Reached XP level 3. HP: 15/24 MP: 6/6
   986 | D:2      | You pick up a book of the Hunter and begin reading...
   986 | D:2      | You add the spells Sigil of Binding, Call Canine Familiar,
                  | Dimensional Bullseye and Leda's Liquefaction to your
                  | library.
  1157 | D:2      | Found a sacrificial altar of Ru.
  1209 | D:2      | You pick up a book of Minor Magic and begin reading...
  1374 | D:2      | Found Qoun's Assorted Antiques.
  1383 | D:2      | Bought a scroll labelled DAONITT KECRU for 23 gold pieces
  1383 | D:2      | Bought a bubbling pink potion for 20 gold pieces
  1536 | D:3      | You pick up a book of Burglary and begin reading...
  1536 | D:3      | You add the spells Passwall and Swiftness to your library.
  1710 | D:3      | HP: 5/24 [orc/+0 flail (4)]
  1713 | D:3      | HP: 2/24 [hobgoblin (4)]
  2357 | D:3      | Reached skill level 1 in Ice Magic
  2433 | D:3      | You pick up a book of Callings and begin reading...
  2433 | D:3      | You add the spells Summon Small Mammal and Summon Guardian
                  | Golem to your library.
  2446 | D:3      | Gained mutation: You regenerate magic rapidly. [demonic
                  | ancestry]
  2446 | D:3      | Reached XP level 4. HP: 30/30 MP: 7/7
  2573 | D:3      | Reached skill level 2 in Short Blades
  2912 | D:4      | Identified the "Zohifaur"
  2943 | D:4      | Found a staircase to the Ecumenical Temple.
  3015 | D:3      | Learned a level 3 spell: Confusing Touch
  3058 | D:3      | Reached skill level 1 in Shields
  3058 | D:3      | Reached XP level 5. HP: 15/35 MP: 6/8
  3147 | D:4      | Reached skill level 4 in Hexes
  3194 | D:4      | Reached skill level 2 in Ice Magic
  3194 | D:4      | Gained mutation: You have a small tail. [demonic ancestry]
  3194 | D:4      | Reached XP level 6. HP: 25/41 MP: 7/10
  3220 | Temple   | Entered the Ecumenical Temple
  3267 | Temple   | Became a worshipper of Dithmenos the Shadowed
  3302 | D:4      | Found a shimmering blue altar of Sif Muna.
  3317 | D:4      | Reached skill level 3 in Short Blades
  4054 | D:4      | Found a hazy altar of Hepliaklqana.
  4099 | D:5      | Entered Level 5 of the Dungeon
  4226 | D:5      | Reached * piety under Dithmenos
  4329 | D:5      | Found an ornate altar of the Wu Jian Council.
  4425 | D:5      | Gained mutation: You have a tail ending in a sharp stinger.
                  | [demonic ancestry]
  4425 | D:5      | Reached XP level 7. HP: 31/46 MP: 5/11
  4436 | D:5      | Reached skill level 3 in Spellcasting
  4751 | D:5      | Reached skill level 3 in Ice Magic
  4848 | D:5      | Reached skill level 2 in Shields
  5232 | D:5      | Slain by an ogre

Vanquished Creatures
  A centaur (D:5)
  5 wights
  An orc priest (D:4)
  A sleepcap (D:5)
  A gnoll bouda (D:5)
  A jelly (D:5)
  2 orc wizards
  7 gnolls
  3 adders
  A dart slug (D:3)
  19 orcs
  6 endoplasms
  10 hobgoblins
  5 jackals
  3 quokkas
  8 ball pythons
  3 bats
  6 frilled lizards (D:1)
  7 goblins
  4 kobolds
94 creatures vanquished.

Table legend:
 A = Non-vault XP
 B = Vault XP
 C = Vault XP percentage of total XP
 D = Non-vault monster count
 E = Vault monster count
 F = Vault count percentage of total count
                 A         B        C        D         E       F
            +---------+---------+-------+---------+---------+-------
      Total |     992 |       8 |   0.8 |      89 |       5 |   5.3
            +---------+---------+-------+---------+---------+-------
        D:1 |      22 |       3 |  12.0 |      15 |       2 |  11.8
        D:2 |      35 |       2 |   5.4 |      12 |       1 |   7.7
        D:3 |     129 |       2 |   1.5 |      20 |       1 |   4.8
        D:4 |     455 |       1 |   0.2 |      26 |       1 |   3.7
        D:5 |     351 |       0 |   0.0 |      16 |       0 |   0.0
            +---------+---------+-------+---------+---------+-------

Skill      XL: |  1  2  3  4  5  6  7 |
---------------+----------------------+-----
Short Blades   | 1 2 3 |  3.5
Stealth        | 3 |  3.8
Ice Magic      | 1 2 3 |  3.0
Shields        | 1 2 |  2.0
Hexes          | 4 |  4.9
Spellcasting   | 3 |  3.2
Dodging        | |  1.7

Action                     |  1- 3 |  4- 6 |  7- 9 || total
---------------------------+-------+-------+-------++-------
  Melee: Dagger            |   119 |   186 |    29 ||   334
         Tailslap          |       |    13 |     7 ||    20
   Cast: Ensorcelled Hiber |    14 |    17 |    13 ||    44
         Confusing Touch   |       |     5 |     2 ||     7
    Use: Scroll            |     6 |     4 |       ||    10
   Stab: Sleeping          |    18 |    14 |     4 ||    36
         Fleeing           |     1 |       |       ||     1
         Confused          |       |     5 |     1 ||     6
         Distracted        |       |     1 |       ||     1
 Armour: Robe              |    63 |   106 |    30 ||   199
  Dodge: Dodged            |    54 |    82 |    29 ||   165
  Block: Buckler           |    24 |    28 |    13 ||    65

Illustrated notes

Table legend:
 A = Kills in this place as a percentage of kills in the entire game.
 B = Kills by you in this place as a percentage of kills by you in the entire game.
 C = Kills by friends in this place as a percentage of kills by friends in the entire game.
 D = Other kills in this place as a percentage of other kills in the entire game.
 E = Experience gained in this place as a percentage of experience gained in the entire game.
 F = Experience gained in this place divided by the number of levels of this place that you have seen.
                   A       B       C       D       E      F
               +-------+-------+-------+-------+-------+----------------------
         Total | 100.0 | 100.0 |   N/A | 100.0 | 100.0 | 166.7
       Dungeon | 100.0 | 100.0 |   N/A | 100.0 | 100.0 | 200.0
               +-------+-------+-------+-------+-------+----------------------

Table legend: (Time is in decaauts)
 A = Elapsed time spent in this place.
 B = Non-inter-level travel time spent in this place.
 C = Inter-level travel time spent in this place.
 D = Time resting spent in this place.
 E = Time spent auto-exploring this place.
 F = Levels seen in this place.
 G = Mean time per level.
                   A        B        C        D        E       F      G
               +--------+--------+--------+--------+--------+-----+--------+
         Total |   5256 |   5032 |    224 |    389 |   3702 |   6 |  876.0 |
       Dungeon |   5197 |   4994 |    203 |    389 |   3666 |   5 | 1039.4 |
        Temple |     58 |     37 |     21 |      0 |     36 |   1 |   58.0 |
               +--------+--------+--------+--------+--------+-----+--------+

Top non-repeatable levels by time:
     D:3: 1326 daAuts
     D:5: 1165 daAuts
     D:4: 995 daAuts
     D:2: 929 daAuts
     D:1: 780 daAuts
  Temple: 58 daAuts
